 Dungeon Crawl Stone Soup version 0.30.0-3-ga4e48a9924 (webtiles) character file.

Game seed: 5175096556311409863

84 meatpath the Trooper (level 4, 0/29 HPs)
             Began as a Gargoyle Fighter on May 7, 2023.
             Slain by Crazy Yiuf
             ... wielding a +3 quarterstaff of chaos
              (3 damage)
             ... on level 3 of the Dungeon.
             The game lasted 00:03:25 (1557 turns).

meatpath the Trooper (Gargoyle Fighter)             Turns: 1557, Time: 00:03:25

Health: 0/29       AC: 11    Str: 22    XL:     4   Next: 46%
Magic:  2/4        EV:  9    Int:  8    God:
Gold:   192        SH:  4    Dex:  9    Spells: 3/3 levels left

rFire   . . .        a - +1 flail
rCold   . . .        c - +0 buckler
rNeg    + . .        b - +0 scale mail
rPois   ∞            (no helmet)
rElec   +            n - +0 cloak
rCorr   .            (no gloves)
SInv    .            (no boots)
Will    .....        (no amulet) Stlth
                     (no ring)
HPRegen 0.24/turn    (no ring)
MPRegen 0.09/turn

%: no passive effects
@: mighty
A: sickness immunity, AC +3, negative energy resistance 1, electricity
resistance, torment resistance 1, petrification resistance
a: no special abilities


You were on level 3 of the Dungeon.
You visited 1 branch of the dungeon, and saw 3 of its levels.

You collected 192 gold pieces.

Inventory:

Hand Weapons
 a - a +1 flail (weapon)
Armour
 b - a +0 scale mail (worn)
 c - a +0 buckler (worn)
 n - a +0 cloak (worn)
Scrolls
 g - a scroll of fog {unknown}
 h - 2 scrolls of poison
 i - a scroll of vulnerability
 j - 3 scrolls of enchant weapon
 l - a scroll of teleportation
 m - 2 scrolls of amnesia
 o - a scroll of identify
Potions
 d - a potion of might
 e - a potion of heal wounds {unknown}
 f - a potion of resistance {unknown}
 k - a potion of curing {unknown}
 p - a potion of haste {unknown}


   Skills:
 + Level 4.2 Fighting
 + Level 3.0 Maces & Flails
 - Level 3.2 Armour
 + Level 4.2 Shields


You had 3 spell levels left.
You didn't know any spells.
Your spell library contained the following spells:

 Spells                   Type           Power      Damage    Failure   Level
 Apportation              Tloc           0%         N/A       80%         1
 Necrotise                Necr           0%         1d4       80%         1
 Summon Small Mammal      Summ           0%         N/A       80%         1


Dungeon Overview and Level Annotations

Branches:
Dungeon (3/15)

Altars:
Gozag

Annotations:
D:3 Crazy Yiuf


Innate Abilities, Weirdness & Mutations

You are immune to sickness and miasma.
Your stone body is resilient. (AC +3)
You are immune to poison.
You resist negative energy. (rN+)
You are resistant to electric shocks. (rElec)
You are resistant to unholy torment.
You are immune to petrification.


Message History

The adder is almost dead.
The adder closely misses you.
You sock the adder!
You kill the adder!
The bat barely misses you. The bat hits you but does no damage.
The bat barely misses you.
You sock the bat!
You kill the bat!
No target in view!
You see here a bat corpse.
p - a dark potion You now have 192 gold pieces (gained 7).
A goblin comes into view. It is wielding a +0 club.
The goblin shouts!
Found 6 stones.
The goblin hits you but does no damage.
You sock the goblin!
You kill the goblin!
No target in view!
You see here a +0 club.
Found a hammer.
Found a runed translucent door.
Crazy Yiuf shouts!
You open the door. You barely miss Crazy Yiuf. Crazy Yiuf barely misses you.
You hit Crazy Yiuf but do no damage. Crazy Yiuf barely misses you.
You closely miss Crazy Yiuf.
Crazy Yiuf hits you with a +3 quarterstaff of chaos.
Crazy Yiuf freezes you.
Crazy Yiuf grits, "Spliff turtle mumblescurry!"
Crazy Yiuf hits you with a +3 quarterstaff of chaos!
Crazy Yiuf freezes you.
You completely miss Crazy Yiuf.
Crazy Yiuf hits you with a +3 quarterstaff of chaos.
You feel your power leaking away.
You feel very mighty all of a sudden.
Crazy Yiuf laughs, "Whiteboard agre hand!"
Crazy Yiuf hits you with a +3 quarterstaff of chaos.
* * * LOW HITPOINT WARNING * * *
Crazy Yiuf burns you.
You die...

#.......#.##..
#.#..#....# #
#.#..#...## ........##
###..####
###..##.#######
......>.....#.### ###
#######......#..##...#
#^......####@g...#
#.#....## ###..)#
#...#### ### #####.###
........# #####..####
#.....# #..#### # #..#


You could see Crazy Yiuf.

Vanquished Creatures
  A gnoll (D:1)
  3 adders
  A worm (D:1)
  A dart slug (D:2)
  6 ball pythons
  2 endoplasms
  4 goblins
  6 hobgoblins
  A quokka (D:3)
  5 bats
  3 frilled lizards
  4 kobolds
  5 rats
42 creatures vanquished.

Notes
Turn   | Place    | Note
-------+----------+-------------------------------------------
     0 | D:1      | meatpath the Gargoyle Fighter began the quest for the Orb.
     0 | D:1      | Reached XP level 1. HP: 14/14 MP: 1/1
   161 | D:1      | Reached XP level 2. HP: 19/19 MP: 2/2
   307 | D:1      | Reached XP level 3. HP: 20/24 MP: 3/3
   331 | D:1      | Found a faded altar of an unknown god.
  1004 | D:1      | Reached XP level 4. HP: 26/29 MP: 4/4
  1232 | D:3      | Found an opulent altar of Gozag.
  1548 | D:3      | Found a runed translucent door.
  1549 | D:3      | Noticed Crazy Yiuf
  1557 | D:3      | Slain by Crazy Yiuf

Illustrated notes

Levels and vault maps discovered:
D:1:      eino_arrival_tree_alley, layout_basic, basic_ecumenical_altar
D:2:      layout_rooms, minmay_ruptured
D:3:      layout_loops_ring, lightli_temple_of_fire, grunt_gozag_breadcrumbs,
          uniq_crazy_yiuf_cottage, uniq_sigmund

Skill      XL: |  1  2  3  4 |
---------------+-------------+-----
Fighting       | 4 |  4.2
Shields        | 4 |  4.2
Maces & Flails | 3 |  3.0
Armour         | |  3.2

Action                     |  1- 3 |  4- 6 || total
---------------------------+-------+-------++-------
  Melee: Flail             |    80 |    39 ||   119
    Use: Scroll            |     2 |     3 ||     5
         Potion            |       |     1 ||     1
 Armour: Scale mail        |    49 |    13 ||    62
  Dodge: Dodged            |    39 |    25 ||    64
  Block: Buckler           |    17 |     8 ||    25
